AoeStats
← dael_lv

Golden Pit

509266993Analyzed
1v1 RM · 5d ago on Sep 26, 2026· 22m 26s· 2 players
Game mode
Random Map
Map size
Tiny (2 player)
Population
200
Speed
Normal
Resources
Standard
Victory
Conquest
Starting age
Dark Age
Ending age
Imperial Age
RankedLock teamsTeams togetherTeam positionsShared explorationLock speedFull tech treeHidden civsTurbo modeCheats
Victory
Defeat
🇨🇴 Britons · Colombia
547
+10
🇲🇽 Franks · Mexico
400
-10
dael_lv
10:24 Feudal Age
16:51 Castle Age
15:45 Double-Bit Axe
17:53 Bow Saw
Lord_Pollo04
9:18 Loom
11:29 Feudal Age
12:52 Double-Bit Axe
15:14 Town Watch
16:52 Fletching
21:17 Castle Age
21:15 Padded Archer Armor
22:40 Bodkin Arrow
22:18 Crossbowman
Connection lost

Rejoining the realm…

Still unreachable

The connection could not be restored.

Session expired

The server has moved on; the page needs a fresh start.